 Dungeon Crawl Stone Soup version 0.30-a0-702-gdf48620a09 (console) character file.

Game seed: 13806936483240781068

4967 utis the Covered (level 10, -4/76 (83) HPs)
             Began as a Ghoul Hedge Wizard on Jan 14, 2023.
             Slain by a wight
             ... wielding a +1 scimitar
              (8 damage)
             ... on level 8 of the Dungeon on Jan 21, 2023.
             The game lasted 01:14:17 (12746 turns).

utis the Covered (Ghoul Hedge Wizard)              Turns: 12746, Time: 01:14:18

HP:   -4/76 (83)    AC:  8    Str: 21    XL:     10   Next: 53%
MP:   7/14          EV: 11    Int: 19    God:
Gold: 230           SH:  5    Dex:  8    Spells: 5/16 levels left

rFire   . . .      SeeInvis +    e - +1 dagger (elec)
rCold   + . .      Faith    .    i - orb {light}
rNeg    + + +      Spirit   .    n - +0 ring mail
rPois   ∞          Reflect  +    z - +1 helmet
rElec   +          Harm     .    (no cloak)
rCorr   .          Rampage  .    (no gloves)
Will    .....                    (no boots)
Stlth   +                        A - amulet of reflection
HPRegen 0.00/turn                v - ring of see invisible
MPRegen 0.14/turn                t - ring "Akhamug" {rElec Str+6 Int+6}

@: inhibited regen, glowing, drained
A: claws 1, cold resistance 1, negative energy resistance 3, inhibited
regeneration, torment resistance 2, devour on kill
a: no special abilities


You were on level 8 of the Dungeon.
You visited 2 branches of the dungeon, and saw 9 of its levels.

You collected 367 gold pieces.
You spent 137 gold pieces at shops.

Inventory:

Hand Weapons
 a - a +0 dagger
 e - a +1 dagger of electrocution (weapon)
 m - a +0 shortbow
 y - a +0 whip
 G - a +0 trident
 I - a +3 whip
 J - a +0 halberd
Missiles
 s - 24 poisoned darts
 P - 3 boomerangs of dispersal {=f}
Armour
 b - a +0 robe
 c - a +0 hat
 f - a +2 robe of willpower
 i - an orb of light (worn)
 n - a +0 ring mail (worn)
 o - a +0 leather armour
 q - a +0 robe of willpower
 u - a +1 robe of the Archmagi
 z - a +1 helmet (worn)
 Q - a +1 leather armour of cold resistance
Magical Staves
 l - a staff of fire
Jewellery
 t - the ring "Akhamug" (right claw) {rElec Str+6 Int+6}
   (You acquired it on level 6 of the Dungeon)

   [ring of intelligence]

   Str:       It affects your strength (+6).
   Int:       It affects your intelligence (+6).
   rElec:     It insulates you from electricity.
 v - a ring of see invisible (left claw)
 A - an amulet of reflection (around neck)
 H - an amulet of faith {!P}
Wands
 O - a wand of roots (13)
Scrolls
 g - 2 scrolls of vulnerability
 h - a scroll of amnesia
 w - a scroll of blinking
 E - a scroll of enchant weapon
 L - 2 scrolls of enchant armour
 N - 2 scrolls of identify {@r1}
Potions
 d - a potion of magic
 j - a potion of mutation {!q}
 k - a potion of resistance {unknown}
 p - a potion of cancellation {unknown}
 r - 4 potions of curing {@q1}
 x - 2 potions of lignification
 B - a potion of flight {unknown}
 C - a potion of haste {unknown}
 D - a potion of heal wounds {unknown}
 F - a potion of attraction
 K - a potion of invisibility {unknown}
 M - a potion of ambrosia {unknown}


   Skills:
 + Level 6.0 Fighting
 - Level 3.0 Short Blades
 * Level 5.9 Polearms
 + Level 6.0 Armour
 - Level 4.1 Dodging
 - Level 2.1 Stealth
 - Level 3.5 Spellcasting
 - Level 3.0 Conjurations
 - Level 2.0 Hexes
 - Level 0.8 Summonings
 - Level 3.0 Necromancy
 - Level 0.8 Translocations
 - Level 3.0 Air Magic
 - Level 5.0 Poison Magic


You had 5 spell levels left.
You knew the following spells:

 Your Spells              Type           Power      Damage    Failure   Level
d - Mephitic Cloud        Conj/Pois/Air  17%        N/A       16%         3
p - Call Imp              Summ           6%         N/A       24%         2
v - Blink                 Tloc           12%        N/A       24%         2
w - Slow                  Hex            40%        N/A       10%         1
z - Magic Dart            Conj           56%        1d5       7%          1
Y - Cigotuvi's Dreadful   Necr/Pois/Air  34%        N/A       8%          2

Your spell library contained the following spells:

 Spells                   Type           Power      Damage    Failure   Level
 Searing Ray              Conj           28%        2d5       10%         2
 Foxfire                  Conj/Fire      36%        2x1d5     12%         1
 Summon Small Mammal      Summ           24%        N/A       16%         1
 Summon Guardian Golem    Hex/Summ       8%         N/A       36%         3
 Call Canine Familiar     Summ           6%         N/A       43%         3
 Fulminant Prism          Conj/Hex       6%         3d7       63%         4
 Fireball                 Conj/Fire      4%         3d4       98%         5
 Yara's Violent Unravell  Hex/Tmut       3%         3d4       99%         5
 Starburst                Conj/Fire      4%         6d4       100%        6
 Enfeeble                 Hex            5%         N/A       100%        7


Dungeon Overview and Level Annotations

Branches:
Dungeon (8/15)             Temple (1/1) D:7
   Lair: D:8-11

Altars:
Cheibriados
Hepliaklqana
Ru
Trog
Wu Jian
Xom
Yredelemnul

Shops:
D:6 [*

Annotations:
D:6 1 runed translucent door, Maggie; night's ghost, novice TeHu


Innate Abilities, Weirdness & Mutations

You are immune to poison.
You have sharp fingernails.
Your flesh is cold resistant. (rC+)
You are immune to negative energy. (rN+++)
You do not regenerate when monsters are visible.
You are immune to unholy pain and torment.
You thrive by killing the living.


Message History

The wight hits you with a +1 scimitar.
* * * LOW HITPOINT WARNING * * *
Your Fighting skill increases to level 6!
The wight hits you but does no damage. You block the ice beast's attack.
Items here: )) † ➘.
The wight attacks as you move away! The wight barely misses you.
Items here: ))))))) / [[[ ÷÷÷÷÷ €.
You feel better. The wight hits you with a +1 scimitar.
* * * LOW HITPOINT WARNING * * *
The wight attacks as you move away! The wight misses you.
There is an open door, spattered with blood here.
Things that are here:
a +0 robe; a +0 hand axe
Okay, then.
Okay, then.
Casting: Cigotuvi's Dreadful Rot (safe; 8% risk of failure)
Confirm with . or Enter, or press ? or * to list all spells.
Okay, then.
Unknown command.
Casting: Cigotuvi's Dreadful Rot (safe; 8% risk of failure)
Confirm with . or Enter, or press ? or * to list all spells.
Aiming: Mephitic Cloud (dangerous; 16% risk of failure)
Press: ? - help, Shift-Dir - straight line, f - orc wizard
Aim: an orc wizard, wielding a +0 dagger and wearing a +0 robe (haloed, chance to affect: 86%)
The ball explodes into a vile cloud!
The stinking cloud engulfs the orc wizard but does no damage.
* * * LOW MAGIC WARNING * * *
The orc wizard is engulfed in noxious fumes.
The orc wizard appears confused.
The wight misses you.
Unknown command.
You hit the orc wizard.
Lightning courses through the orc wizard!!
You kill the orc wizard!
The wight closely misses you. You block the wight's attack.
Things that are here:
a +0 dagger; a +0 robe; 14 gold pieces You block the orc's attack.
The wight attacks as you move away! The wight hits you with a +1 scimitar!
You die...

▒..)..▒...░.░.░
▒▒.▒[▒▒...░.░..
▒.....▒...░..
▒.o▒..▒...░░.░
▒▒▒[▒▒▒ ▒.o➘†.▒
▒.▒▒▒.▒ ▒....o▒
▒▒▒▒▒n▒ ▒.).z.▒
▒▒▒▒▒▒[▒▒▒
▒.▒▒▒▒Y▒.▒
▒▒.▒.▒▒).▒
▒.'.....▒
▒.▒▒..▒▒.▒ ▒▒
▒.▒.▒▒▒ ▒▒▒▒▒


You could see an ice beast, a wight and an orc.

Vanquished Creatures
  A two-headed ogre (D:8)
  Sigmund (D:2)
  A wyvern (D:8)
  2 steam dragons (D:7)
  2 water moccasins (D:7)
  4 orc warriors
  2 ice beasts
  A black bear (D:6)
  2 ogres
  5 centaurs
  A phantom (D:5)
  3 kobold brigands
  2 bullfrogs
  6 scorpions
  A gnoll sergeant (D:7)
  5 wights
  4 killer bees (D:7)
  6 howler monkeys
  A jelly (D:4)
  2 orc priests
  5 hounds
  A gnoll bouda (D:8)
  3 iguanas
  9 orc wizards
  10 gnolls
  8 adders
  2 shadow imps (D:7)
  A white imp (D:7)
  An ufetubus (D:6)
  4 worms
  A dart slug (D:2)
  34 orcs
  3 bats
  2 endoplasms
  5 giant cockroaches
  7 goblins
  13 hobgoblins
  3 quokkas
  3 ball pythons
  4 frilled lizards
  11 kobolds
  7 rats
189 creatures vanquished.

Vanquished Creatures (collateral kills)
  A necrophage (D:6)
1 creature vanquished.

Grand Total: 190 creatures vanquished

Notes
Turn   | Place    | Note
-------+----------+-------------------------------------------
     0 | D:1      | utis the Ghoul Hedge Wizard began the quest for the Orb.
     0 | D:1      | Reached XP level 1. HP: 14/14 MP: 3/3
     2 | D:1      | Learned a level 1 spell: Slow
   498 | D:1      | Reached XP level 2. HP: 14/22 MP: 0/4
   736 | D:1      | Reached skill level 1 in Hexes
   940 | D:1      | Reached skill level 1 in Short Blades
  1046 | D:1      | Learned a level 2 spell: Blink
  1049 | D:1      | Learned a level 2 spell: Call Imp
  1547 | D:2      | Reached XP level 3. HP: 24/27 MP: 6/6
  1559 | D:2      | Found a faded altar of an unknown god.
  1817 | D:2      | Reached XP level 4. HP: 32/34 MP: 8/8
  1828 | D:2      | Learned a level 2 spell: Cigotuvi's Dreadful Rot
  2126 | D:2      | Noticed Sigmund
  2865 | D:1      | Learned a level 3 spell: Mephitic Cloud
  2988 | D:2      | Killed Sigmund
  2989 | D:2      | Reached skill level 1 in Air Magic
  2989 | D:2      | Reached skill level 1 in Poison Magic
  2989 | D:2      | Reached XP level 5. HP: 19/39 MP: 6/9
  3121 | D:2      | Reached XP level 6. HP: 38/46 MP: 5/10
  3981 | D:3      | Found a sacrificial altar of Ru.
  4283 | D:3      | Reached skill level 1 in Fighting
  4641 | D:4      | Reached XP level 7. HP: 51/55 MP: 6/11
  6104 | D:5      | Entered Level 5 of the Dungeon
  6204 | D:5      | Reached skill level 1 in Armour
  6437 | D:5      | Reached XP level 8. HP: 59/63 MP: 8/12
  7163 | D:4      | Reached skill level 1 in Conjurations
  7688 | D:6      | Learned a level 2 spell: Blink
  8293 | D:6      | Reached XP level 9. HP: 69/69 MP: 6/13
  8563 | D:6      | Found a runed translucent door.
  8563 | D:6      | Found a shimmering altar of Xom.
  8563 | D:6      | Noticed night's ghost (novice TeHu)
  8601 | D:6      | Found Siloirag's Armour Shoppe.
  8601 | D:6      | Noticed Maggie
  8751 | D:6      | Identified a scroll of acquirement
  8751 | D:6      | Acquired the ring "Akhamug" {rElec Str+6 Int+6}
  8773 | D:6      | Found Jowanir's General Store.
  8860 | D:6      | Bought a scroll of identify for 22 gold pieces
  8860 | D:6      | Bought a scroll of enchant weapon for 82 gold pieces
  8860 | D:6      | Bought a potion of attraction for 33 gold pieces
  9947 | D:7      | Reached skill level 1 in Polearms
 10264 | D:7      | Reached skill level 5 in Poison Magic
 11427 | D:7      | Found a staircase to the Ecumenical Temple.
 11438 | Temple   | Entered the Ecumenical Temple
 11825 | D:7      | Reached skill level 5 in Armour
 11954 | D:8      | Noticed a two-headed ogre
 11973 | D:8      | Killed a two-headed ogre
 11974 | D:8      | Reached skill level 5 in Fighting
 11974 | D:8      | Reached XP level 10. HP: 33/81 MP: 8/14
 12168 | D:7      | Reached skill level 5 in Polearms
 12703 | D:8      | Upgraded the game from 0.30-a0-634-g8abc85282e to
                  | 0.30-a0-702-gdf48620a09
 12736 | D:8      | HP: 2/75 [wight/+1 scimitar (4)]
 12746 | D:8      | Slain by a wight

Illustrated notes

Levels and vault maps discovered:
D:1:      ncdulo_watergridlock, layout_basic
D:2:      layout_rooms, ebering_ecumenical_altar_hall, hangedman_feature_mirror,
          uniq_sigmund
D:3:      minmay_angry_zag, layout_basic, nicolae_ru_sacrificial_ziggurat
D:4:      layout_basic
D:5:      layout_gridville
D:6:      layout_basic, ebering_ghost_xom, serial_shops,
          nicolae_shop_behind_doors, grunt_decor_clamped, nicolae_stop_n_shop_2,
          st_stairs_12, hangedman_abyss_or_decor_jellyfish_corner,
          corexii_leaking_fountain, uniq_maggie
D:7:      layout_basic, temple_hall, enter_bailey_4
D:8:      minmay_the_grid_square_5x5_3x3 [minmay_the_grid_square_5x5_moneybag,
          minmay_the_grid_square_5x5_six,
          minmay_the_grid_square_5x5_beaten_path,
          minmay_the_grid_square_5x5_inset,
          minmay_the_grid_square_5x5_megaprize_open,
          minmay_the_grid_square_5x5_n_small, minmay_the_grid_square_5x5_fat_x,
          minmay_the_grid_square_5x5_dogpile,
          minmay_the_grid_square_5x5_checkered], layout_rooms,
          gup_ossuary_entry_pyramid, st_stairs_6
Temple:   nicolae_temple_bog_church

Skill      XL: |  1  2  3  4  5  6  7  8  9 10 |
---------------+-------------------------------+-----
Hexes          | 1 2 |  2.0
Short Blades   | 1 3 |  3.0
Spellcasting   | 3 |  3.5
Necromancy     | 2 3 |  3.0
Air Magic      | 1 3 |  3.0
Poison Magic   | 1 4 5 |  5.0
Fighting       | 2 3 5 6 |  6.0
Dodging        | 4 |  4.1
Armour         | 2 4 5 6 |  6.0
Conjurations   | 2 3 |  3.0
Polearms       | 4 5 |  5.9
Stealth        | |  2.1
Summonings     | |  0.8
Translocations | |  0.8

Action                   |  1- 3 |  4- 6 |  7- 9 | 10-12 || total
-------------------------+-------+-------+-------+-------++-------
Melee: Dagger            |   119 |   154 |   569 |   141 ||   983
       Trident           |       |       |     4 |       ||     4
 Cast: Slow              |    24 |     7 |    61 |     5 ||    97
       Magic Dart        |     4 |     7 |     8 |       ||    19
       Call Imp          |       |     7 |     7 |       ||    14
       Mephitic Cloud    |       |     2 |     8 |    10 ||    20
       Cigotuvi's Dreadf |       |     1 |       |     1 ||     2
  Use: Scroll            |       |     7 |     6 |     1 ||    14
       Potion            |       |       |       |     2 ||     2
 Stab: Sleeping          |     1 |       |       |       ||     1
       Confused          |       |       |     3 |     5 ||     8
Armor: Robe              |     5 |    23 |    10 |       ||    38
       Leather armour    |    14 |     2 |       |       ||    16
       Ring mail         |       |       |   144 |    49 ||   193
Dodge: Dodged            |    49 |    74 |   269 |    63 ||   455
Block: Orb               |       |       |   102 |    27 ||   129

Table legend: (Time is in decaauts)
 A = Elapsed time spent in this place.
 B = Non-inter-level travel time spent in this place.
 C = Inter-level travel time spent in this place.
 D = Time resting spent in this place.
 E = Time spent auto-exploring this place.
 F = Levels seen in this place.
 G = Mean time per level.
                   A        B        C        D        E       F      G
               +--------+--------+--------+--------+--------+-----+--------+
         Total |  12650 |  11725 |    925 |   3716 |   4691 |   9 | 1405.6 |
       Dungeon |  12448 |  11553 |    895 |   3716 |   4526 |   8 | 1556.0 |
        Temple |    202 |    172 |     30 |      0 |    165 |   1 |  202.0 |
               +--------+--------+--------+--------+--------+-----+--------+

Top non-repeatable levels by time:
     D:7: 2601 daAuts
     D:1: 2221 daAuts
     D:6: 1686 daAuts
     D:4: 1534 daAuts
     D:5: 1460 daAuts
     D:3: 1282 daAuts
     D:2: 1113 daAuts
     D:8: 548 daAuts
  Temple: 202 daAuts
